SAN JOSE Sharks vs SEATTLE Kraken

Created - 23 février 2024 at 14:29

Goals
1 2 3 T
SAN JOSE Sharks 1 2 1 4
SEATTLE Kraken 0 0 3 3
Shots
1 2 3 T
SAN JOSE Sharks 18 18 10 46
SEATTLE Kraken 1 5 10 16

1st period

1. SAN JOSE Sharks , Brayden McNabb 3 (John Klingberg 10, Kyle Connor 14) at 11:15 (PP)

Penalties :
Liam O'Brien (SEA) for Holding (Minor) at 2:23, Arber Xhekaj (SEA) for Hooking (Minor) at 5:27, Mathieu Olivier (SEA) for Boarding (Minor) at 7:44, Troy Stecher (SJS) for Tripping (Minor) at 7:44, Wayne Simmonds (SEA) for Tripping (Minor) at 9:56, Arber Xhekaj (SEA) for Slashing (Minor) at 14:34

2nd period

2. SAN JOSE Sharks , John Tavares 10 (John Klingberg 11) at 2:37 (PP)
3. SAN JOSE Sharks , Cody Ceci 3 (Andrew Mangiapane 11, Jack Johnson 6) at 7:54 (PP)

Penalties :
Arber Xhekaj (SEA) for Roughing (Minor) at 1:40, Mathieu Olivier (SEA) for Interference (Minor) at 4:41, Wayne Simmonds (SEA) for Delaying the game (Minor) at 6:47, Brayden McNabb (SJS) for Slashing (Minor) at 10:03, Jakub Zboril (SEA) for Interference (Minor) at 12:11, Joel Hanley (SEA) for Hooking (Minor) at 19:13

3rd period

4. SAN JOSE Sharks , John Klingberg 1 (John Tavares 10, Brayden McNabb 6) at 1:14
5. SEATTLE Kraken , Arber Xhekaj 1 (Brendan Lemieux 6, Jakub Zboril 5) at 7:35
6. SEATTLE Kraken , Jordan Greenway 6 (Brendan Lemieux 7, Radko Gudas 14) at 9:01
7. SEATTLE Kraken , Jordan Greenway 7 (Jake Gardiner 6, Luke Kunin 3) at 10:04

Penalties :
Liam O'Brien (SEA) for Goalie Interference (Minor) at 3:05, Andrew Mangiapane (SJS) for Cross-checking (Minor) at 17:52

Goalie Stats

Semyon Varlamov (SJS), 13 saves from 16 shots - (0,813), W, 2-0-0, 60:00 minutes
Sergei Bobrovsky (SEA), 42 saves from 46 shots - (0,913), L, 6-10-4, 59:12 minutes

Players Stats for SAN JOSE Sharks

Player Name              G  A  P  +/- PIM S  H  SB GA TA FO     MP     PP MP  PK MP  
------------------------------------------------------------------------------------
Andrew Mangiapane        0  1  1   0  2   5  1  0  0  0  0/0    20:07   9:02   0:00 
Austin Watson            0  0  0   0  0   1  1  0  0  0  1/1     3:54   0:00   0:11 
Brayden McNabb           1  1  2  -1  2   5  4  0  0  0  0/0    24:31  10:16   0:52 
Brett Howden             0  0  0   0  0   0  0  0  0  0  4/8     3:43   0:00   0:00 
Cam Atkinson             0  0  0   0  0   2  0  0  0  0  0/0     3:43   0:00   0:00 
Cody Ceci                1  0  1  -1  0   3  2  0  0  0  0/0    23:22   7:46   2:12 
Evander Kane             0  0  0   0  0   6  3  0  0  0  1/1    20:08   9:02   0:00 
Jack Johnson             0  1  1  -1  0   0  2  2  0  0  0/0    22:48   7:00   2:16 
Joe Pavelski             0  0  0  -2  0   5  1  0  0  0  2/2    21:41   8:14   0:00 
John Klingberg           1  2  3  -1  0   1  0  0  0  0  0/0    24:48   9:30   1:46 
John Tavares             1  1  2  -2  0   6  3  0  0  0  26/37  25:14   8:14   2:36 
Kyle Connor              0  1  1  -2  0   3  0  0  0  0  0/0    25:16   8:14   2:38 
Matias Maccelli          0  0  0   0  0   1  0  0  0  0  0/0     8:31   0:00   0:00 
Matt Nieto               0  0  0   0  0   3  1  0  0  0  1/1    10:42   0:00   1:09 
Nick Cousins             0  0  0   0  0   2  0  0  0  0  2/7     8:44   0:00   0:13 
Oliver Kylington         0  0  0   0  0   1  1  0  0  0  0/0    11:50   0:00   0:00 
Sam Bennett              0  0  0   0  0   1  1  0  0  0  19/30  22:19   9:02   1:09 
Troy Stecher             0  0  0   0  2   1  0  0  0  0  0/0    12:39   0:00   0:50 

Players Stats for SEATTLE Kraken

Player Name              G  A  P  +/- PIM S  H  SB GA TA FO     MP     PP MP  PK MP  
------------------------------------------------------------------------------------
Arber Xhekaj             1  0  1   1  6   2  3  0  0  0  0/0    12:31   0:00   0:00 
Brendan Lemieux          0  2  2   3  0   2  1  0  0  0  9/27   26:10   0:32  10:30 
Givani Smith             0  0  0   0  0   0  0  0  0  0  0/0    11:12   0:00   0:00 
Jake Gardiner            0  1  1   2  0   0  0  1  0  0  0/0    25:49   1:22   8:12 
Jakub Zboril             0  1  1   1  2   1  4  1  0  0  0/0    23:22   1:41   8:10 
Joel Hanley              0  0  0  -1  2   0  3  3  0  0  0/0    20:05   2:36   7:30 
John Hayden              0  0  0   0  0   0  0  0  0  0  0/0     0:08   0:00   0:00 
Jordan Greenway          2  0  2   3  0   3  2  2  0  0  0/7    19:01   1:22   6:26 
Jordan Gross             0  0  0  -1  0   0  1  3  0  0  0/0    10:58   0:00   1:01 
Liam O'Brien             0  0  0  -1  4   0  0  0  0  0  0/0    12:33   0:50   0:20 
Luke Kunin               0  1  1   3  0   1  1  0  0  0  4/11   23:13   1:22  10:30 
Mathieu Olivier          0  0  0   0  4   1  0  0  0  0  6/13   11:10   0:00   0:00 
Matt Martin              0  0  0  -1  0   2  1  1  0  0  0/0    21:25   2:36   6:26 
Matty Beniers            0  0  0  -1  0   2  0  1  0  0  11/25  14:01   2:36   0:00 
Radko Gudas              0  1  1   2  0   1  4  6  0  0  0/0    27:10   2:17   9:39 
Ryan Kesler              0  0  0   0  0   0  0  0  0  0  0/0     4:10   0:00   0:20 
Wayne Simmonds           0  0  0   0  4   1  2  0  0  0  0/2    13:46   2:36   0:00 
Zack MacEwen             0  0  0   0  0   0  0  1  0  0  1/2     3:50   0:00   0:00 

3 Stars

1 - Jordan Greenway (SEA)
2 - John Klingberg (SJS)
3 - Brendan Lemieux (SEA)

Power Play

SAN JOSE Sharks - 3 on 10 Attempt(s) - 30,00%
SEATTLE Kraken - 0 on 2 Attempt(s) - 0,00%

Penalty Kill

SAN JOSE Sharks - 2 on 2 Attempt(s) - 100,00% - Score 0 goal in Penalty Kill
SEATTLE Kraken - 7 on 10 Attempt(s) - 70,00% - Score 0 goal in Penalty Kill

Team Stat

SAN JOSE Sharks - Hits : 20 - Faceoff Wins : 56 - Blocked Shots : 2 - Penalty Minutes : 6
SEATTLE Kraken - Hits : 22 - Faceoff Wins : 31 - Blocked Shots : 19 - Penalty Minutes : 22

Official

Referees : MacKenzie Welter and Conor O'Donnell
Linesman : Mitchell Hunt and Bevan Mills

Game Notes

No Game Note

Finance

Level 1 -- Attendance: 4830 (80,50%) -- Ticket Income $483,000
Level 2 -- Attendance: 3997 (79,94%) -- Ticket Income $239,820
Level 3 -- Attendance: 2000 (100,00%) -- Ticket Income $70,000
Level 4 -- Attendance: 2735 (68,38%) -- Ticket Income $68,375
Luxury Box -- Attendance: 833 (83,30%) -- Ticket Income $166,600
Total Attendance: 14395 (79,97%)
Total Ticket Income: $1,027,795
Other Income: $256,949
Total Income: $1,284,744

SAN JOSE Sharks

5 vs 5 Forward 
   Center                   Left Wing                Right Wing               Time % Phy DF OF 
 1 John Tavares             Kyle Connor              Joe Pavelski             40     1   2  2  
 2 Sam Bennett              Evander Kane             Andrew Mangiapane        30     1   2  2  
 3 Nick Cousins             Matias Maccelli          Matt Nieto               20     1   2  2  
 4 Brett Howden             Cam Atkinson             Austin Watson            10     1   2  2  

5 vs 5 Defense 
   Defense                  Defense                                           Time % Phy DF OF 
 1 Brayden McNabb           Cody Ceci                                         40     1   2  2  
 2 John Klingberg           Jack Johnson                                      30     1   2  2  
 3 Troy Stecher             Oliver Kylington                                  20     1   2  2  
 4 Brayden McNabb           Cody Ceci                                         10     1   2  2  

PowerPlay Forward 
   Center                   Left Wing                Right Wing               Time % Phy DF OF 
 1 John Tavares             Kyle Connor              Joe Pavelski             60     1   1  3  
 2 Sam Bennett              Evander Kane             Andrew Mangiapane        40     1   2  2  

PowerPlay Defense
   Defense                  Defense                                           Time % Phy DF OF 
 1 Brayden McNabb           John Klingberg                                    60     1   2  2  
 2 Cody Ceci                Jack Johnson                                      40     1   2  2  

Penalty Kill 4 Players Forward 
   Center                   Wing                     Time % Phy DF OF 
 1 John Tavares             Kyle Connor              60     1   2  2  
 2 Sam Bennett              Matt Nieto               40     1   2  2  

Penalty Kill 4 Players Defense
   Defense                  Defense                  Time % Phy DF OF 
 1 Brayden McNabb           Cody Ceci                60     1   2  2  
 2 John Klingberg           Jack Johnson             40     1   2  2  

Penalty Kill - 3 Players Forward 
   Forward                                           Time % Phy DF OF 
 1 John Tavares                                      60     1   2  2  
 2 Sam Bennett                                       40     1   2  2  

Penalty Kill - 3 Players Defense
   Defense                  Defense                  Time % Phy DF OF 
 1 Brayden McNabb           Cody Ceci                60     1   2  2  
 2 John Klingberg           Jack Johnson             40     1   2  2  

4 vs 4 Forward 
   Center                   Wing                     Time % Phy DF OF 
 1 John Tavares             Kyle Connor              60     1   2  2  
 2 Sam Bennett              Matt Nieto               40     1   2  2  

4 vs 4 Defense
   Defense                  Defense                  Time % Phy DF OF 
 1 Brayden McNabb           Cody Ceci                60     1   2  2  
 2 John Klingberg           Jack Johnson             40     1   2  2  

Last Minutes Offensive
   Center                   Left Wing                Right Wing               Defense                  Defense                  
   John Tavares             Kyle Connor              Joe Pavelski             Brayden McNabb           Cody Ceci                

Last Minutes Defensive
   Center                   Left Wing                Right Wing               Defense                  Defense                  
   John Tavares             Kyle Connor              Joe Pavelski             Brayden McNabb           Cody Ceci                

Goaltenders
Starting : Semyon Varlamov          
Backup : Ville Husso              

Extra Forwards
Normal : Sam Bennett, Matt Nieto, Evander Kane - PP : Sam Bennett, Matt Nieto - PK : Sam Bennett
Extra Defensemen
Normal : Jack Johnson, Troy Stecher, Oliver Kylington - PP : Jack Johnson - PK : Jack Johnson, Troy Stecher
Penalty Shots
Joe Pavelski, John Tavares, Kyle Connor, Andrew Mangiapane, Sam Bennett

Scratches
None

SEATTLE Kraken

5 vs 5 Forward 
   Center                   Left Wing                Right Wing               Time % Phy DF OF 
 1 Luke Kunin               Brendan Lemieux          Jordan Greenway          40     1   2  2  
 2 Matty Beniers            Matt Martin              Liam O'Brien             30     1   2  2  
 3 Zack MacEwen             Ryan Kesler              Brendan Lemieux          20     1   2  2  
 4 Mathieu Olivier          Wayne Simmonds           Givani Smith             10     1   2  2  

5 vs 5 Defense 
   Defense                  Defense                                           Time % Phy DF OF 
 1 Radko Gudas              Jake Gardiner                                     40     1   2  2  
 2 Jakub Zboril             Arber Xhekaj                                      30     1   2  2  
 3 Jordan Gross             Joel Hanley                                       20     1   2  2  
 4 Radko Gudas              Jake Gardiner                                     10     1   2  2  

PowerPlay Forward 
   Center                   Left Wing                Right Wing               Time % Phy DF OF 
 1 Luke Kunin               Brendan Lemieux          Jordan Greenway          60     1   2  2  
 2 Matty Beniers            Matt Martin              Wayne Simmonds           40     1   2  2  

PowerPlay Defense
   Defense                  Defense                                           Time % Phy DF OF 
 1 Radko Gudas              Joel Hanley                                       60     1   2  2  
 2 Jakub Zboril             Jake Gardiner                                     40     1   2  2  

Penalty Kill 4 Players Forward 
   Center                   Wing                     Time % Phy DF OF 
 1 Brendan Lemieux          Luke Kunin               60     1   2  2  
 2 Jordan Greenway          Matt Martin              40     1   2  2  

Penalty Kill 4 Players Defense
   Defense                  Defense                  Time % Phy DF OF 
 1 Jake Gardiner            Radko Gudas              60     1   2  2  
 2 Jakub Zboril             Joel Hanley              40     1   2  2  

Penalty Kill - 3 Players Forward 
   Forward                                           Time % Phy DF OF 
 1 Jordan Greenway                                   60     1   2  2  
 2 Luke Kunin                                        40     1   2  2  

Penalty Kill - 3 Players Defense
   Defense                  Defense                  Time % Phy DF OF 
 1 Radko Gudas              Joel Hanley              60     1   2  2  
 2 Jakub Zboril             Jake Gardiner            40     1   2  2  

4 vs 4 Forward 
   Center                   Wing                     Time % Phy DF OF 
 1 Luke Kunin               Jordan Greenway          60     1   2  2  
 2 Brendan Lemieux          Matt Martin              40     1   2  2  

4 vs 4 Defense
   Defense                  Defense                  Time % Phy DF OF 
 1 Joel Hanley              Jake Gardiner            60     1   2  2  
 2 Jakub Zboril             Jordan Gross             40     1   2  2  

Last Minutes Offensive
   Center                   Left Wing                Right Wing               Defense                  Defense                  
   Luke Kunin               Brendan Lemieux          Jordan Greenway          Radko Gudas              Jake Gardiner            

Last Minutes Defensive
   Center                   Left Wing                Right Wing               Defense                  Defense                  
   Luke Kunin               Brendan Lemieux          Jordan Greenway          Radko Gudas              Jake Gardiner            

Goaltenders
Starting : Sergei Bobrovsky         
Backup : Laurent Brossoit         

Extra Forwards
Normal : Jordan Greenway, Brendan Lemieux, Luke Kunin - PP : Luke Kunin, Brendan Lemieux - PK : Luke Kunin
Extra Defensemen
Normal : Jordan Gross, Joel Hanley, Jakub Zboril - PP : Jakub Zboril - PK : Joel Hanley, Jakub Zboril
Penalty Shots
Brendan Lemieux, Luke Kunin, Jordan Greenway, Matt Martin, Wayne Simmonds

Scratches
Carey Price (Healthy)

% Time on Ice - SAN JOSE Sharks

Lines # - Real PCT - Wanted PCT - Time Play
Normal Forward
1 - 36% - 40% - 13:19
2 - 30% - 30% - 11:06
3 - 23% - 20% - 8:31
4 - 10% - 10% - 3:43
Normal Defense
1 - 33% - 40% - 12:11
2 - 34% - 30% - 12:38
3 - 32% - 20% - 11:50
4 - 0% - 10% - 0:00
PP Forward
1 - 48% - 60% - 8:14
2 - 52% - 40% - 9:02
PP Defense
1 - 59% - 60% - 10:16
2 - 41% - 40% - 7:00
PK Forward
1 - 71% - 60% - 2:49
2 - 29% - 40% - 1:09
PK Defense
1 - 56% - 60% - 2:14
2 - 44% - 40% - 1:44
PK3 Forward
1 - 0% - 60%
2 - 0% - 40%
PK3 Defense
1 - 0% - 60%
2 - 0% - 40%
44 Forward
1 - 55% - 60% - 1:05
2 - 45% - 40% - 0:54
44 Defense
1 - 55% - 60% - 1:05
2 - 45% - 40% - 0:54
Last Minute Offensive  - 0:00
Last Minute Defensive  - 0:08
Total
Forward - 60:00
Defense - 60:00

% Time on Ice - SEATTLE Kraken

Lines # - Real PCT - Wanted PCT - Time Play
Normal Forward
1 - 28% - 40% - 10:12
2 - 31% - 30% - 11:25
3 - 10% - 20% - 3:50
4 - 31% - 10% - 11:12
Normal Defense
1 - 42% - 40% - 15:14
2 - 34% - 30% - 12:34
3 - 24% - 20% - 8:51
4 - 0% - 10% - 0:00
PP Forward
1 - 34% - 60% - 1:22
2 - 66% - 40% - 2:36
PP Defense
1 - 87% - 60% - 3:26
2 - 13% - 40% - 0:32
PK Forward
1 - 63% - 60% - 10:50
2 - 37% - 40% - 6:26
PK Defense
1 - 46% - 60% - 7:54
2 - 54% - 40% - 9:22
PK3 Forward
1 - 0% - 60%
2 - 0% - 40%
PK3 Defense
1 - 0% - 60%
2 - 0% - 40%
44 Forward
1 - 51% - 60% - 1:01
2 - 49% - 40% - 0:58
44 Defense
1 - 51% - 60% - 1:01
2 - 49% - 40% - 0:58
Last Minute Offensive  - 0:08
Last Minute Defensive  - 0:00
Total
Forward - 60:00
Defense - 60:00

Play-by-Play

1st period


0:01 of 1st period - John Tavares wins face-off versus Brendan Lemieux in neutral zone.
0:16 of 1st period - Shot by John Tavares.
0:16 of 1st period - Stopped by Sergei Bobrovsky without a rebound.
0:17 of 1st period - Matty Beniers wins face-off versus Sam Bennett in SEATTLE Kraken zone.
0:36 of 1st period - Shot by Andrew Mangiapane.
0:36 of 1st period - Shot Misses the Net.
0:38 of 1st period - Shot by Jack Johnson.
0:38 of 1st period - Shot Misses the Net.
0:40 of 1st period - Shot by Evander Kane.
0:40 of 1st period - Stopped by Sergei Bobrovsky without a rebound.
0:41 of 1st period - Zack MacEwen wins face-off versus Nick Cousins in SEATTLE Kraken zone.
1:00 of 1st period - Shot by Brendan Lemieux.
1:00 of 1st period - Stopped by Semyon Varlamov with a rebound.
1:14 of 1st period - Shot by Troy Stecher.
1:14 of 1st period - Shot Misses the Net.
1:16 of 1st period - Shot by Troy Stecher.
1:16 of 1st period - Stopped by Sergei Bobrovsky with a rebound.
1:18 of 1st period - Shot by Oliver Kylington.
1:18 of 1st period - Stopped by Sergei Bobrovsky with a rebound.
1:48 of 1st period - Shot by Mathieu Olivier.
1:48 of 1st period - Shot Misses the Net.
2:06 of 1st period - Shot by John Tavares.
2:06 of 1st period - Stopped by Sergei Bobrovsky without a rebound.
2:07 of 1st period - Sam Bennett wins face-off versus Matty Beniers in SEATTLE Kraken zone.
2:23 of 1st period - Minor Penalty to Liam O'Brien for Holding.
2:24 of 1st period - Brendan Lemieux wins face-off versus John Tavares in SEATTLE Kraken zone.
2:47 of 1st period - Shot by Kyle Connor.
2:47 of 1st period - Stopped by Sergei Bobrovsky with a rebound.
3:25 of 1st period - Shot by Andrew Mangiapane.
3:25 of 1st period - Stopped by Sergei Bobrovsky without a rebound.
3:26 of 1st period - Sam Bennett wins face-off versus Jordan Greenway in SEATTLE Kraken zone.
3:47 of 1st period - Shot by Jack Johnson.
3:47 of 1st period - Shot Blocked by Radko Gudas.
3:53 of 1st period - Shot by Cody Ceci.
3:53 of 1st period - Stopped by Sergei Bobrovsky without a rebound.
3:54 of 1st period - Brendan Lemieux wins face-off versus John Tavares in SEATTLE Kraken zone.
4:25 of 1st period - Shot by Brett Howden.
4:25 of 1st period - Deflect By Austin Watson.
4:25 of 1st period - Stopped by Sergei Bobrovsky without a rebound.
4:26 of 1st period - Matty Beniers wins face-off versus Sam Bennett in SEATTLE Kraken zone.
4:31 of 1st period - Matt Martin is hit by Evander Kane and loses puck.
5:04 of 1st period - Icing by Troy Stecher.
5:05 of 1st period - Luke Kunin wins face-off versus Sam Bennett in SAN JOSE Sharks zone.
5:27 of 1st period - Minor Penalty to Arber Xhekaj for Hooking.
5:28 of 1st period - John Tavares wins face-off versus Brendan Lemieux in SEATTLE Kraken zone.
5:43 of 1st period - Shot by Kyle Connor.
5:43 of 1st period - Stopped by Sergei Bobrovsky without a rebound.
5:44 of 1st period - John Tavares wins face-off versus Jordan Greenway in SEATTLE Kraken zone.
5:49 of 1st period - Shot by Kyle Connor.
5:49 of 1st period - Deflect By John Tavares.
5:49 of 1st period - Shot Blocked by Jordan Greenway.
5:59 of 1st period - Shot by John Tavares.
5:59 of 1st period - Shot Misses the Net.
6:01 of 1st period - Shot by Cody Ceci.
6:01 of 1st period - Shot Blocked by Jordan Greenway.
6:03 of 1st period - Shot by Jack Johnson.
6:03 of 1st period - Shot Misses the Net.
6:05 of 1st period - Shot by Cody Ceci.
6:05 of 1st period - Stopped by Sergei Bobrovsky without a rebound.
6:06 of 1st period - Sam Bennett wins face-off versus Brendan Lemieux in SEATTLE Kraken zone.
6:09 of 1st period - Shot by Andrew Mangiapane.
6:09 of 1st period - Stopped by Sergei Bobrovsky without a rebound.
6:10 of 1st period - Brendan Lemieux wins face-off versus Sam Bennett in SEATTLE Kraken zone.
6:27 of 1st period - Shot by Evander Kane.
6:27 of 1st period - Shot Misses the Net.
6:34 of 1st period - Sam Bennett is hit by Jakub Zboril and loses puck.
6:42 of 1st period - Sam Bennett is hit by Jakub Zboril and loses puck.
7:34 of 1st period - Icing by Troy Stecher.
7:35 of 1st period - Brett Howden wins face-off versus Mathieu Olivier in SAN JOSE Sharks zone.
7:37 of 1st period - Icing by Troy Stecher.
7:38 of 1st period - Mathieu Olivier wins face-off versus Brett Howden in SAN JOSE Sharks zone.
7:44 of 1st period - Minor Penalty to Mathieu Olivier for Boarding.
7:44 of 1st period - Minor Penalty to Troy Stecher for Tripping.
7:45 of 1st period - Luke Kunin wins face-off versus John Tavares in SAN JOSE Sharks zone.
7:45 of 1st period - Jordan Greenway is hit by Brayden McNabb and loses puck.
7:59 of 1st period - Shot by John Tavares.
7:59 of 1st period - Shot Blocked by Jake Gardiner.
9:19 of 1st period - Shot by Matt Martin.
9:19 of 1st period - Shot Misses the Net.
9:43 of 1st period - Shot by Kyle Connor.
9:43 of 1st period - Shot Misses the Net.
9:55 of 1st period - Off-side.
9:56 of 1st period - Austin Watson wins face-off versus Mathieu Olivier in neutral zone.
9:56 of 1st period - Minor Penalty to Wayne Simmonds for Tripping.
9:57 of 1st period - Sam Bennett wins face-off versus Brendan Lemieux in SEATTLE Kraken zone.
10:40 of 1st period - Kyle Connor is hit by Jordan Greenway and loses puck.
11:03 of 1st period - Shot by Brayden McNabb.
11:03 of 1st period - Shot Misses the Net.
11:05 of 1st period - Shot by Joe Pavelski.
11:05 of 1st period - Deflect By John Tavares.
11:05 of 1st period - Shot Misses the Net.
11:07 of 1st period - Shot by Joe Pavelski.
11:07 of 1st period - Shot Blocked by Matt Martin.
11:09 of 1st period - Shot by Joe Pavelski.
11:09 of 1st period - Shot Misses the Net.
11:11 of 1st period - Shot by Kyle Connor.
11:11 of 1st period - Shot Misses the Net.
11:13 of 1st period - Shot by John Klingberg.
11:13 of 1st period - Shot Misses the Net.
11:15 of 1st period - Shot by Brayden McNabb.
11:15 of 1st period - Goal by Brayden McNabb - SAN JOSE Sharks : 1 - SEATTLE Kraken : 0.
11:16 of 1st period - Mathieu Olivier wins face-off versus Nick Cousins in neutral zone.
11:52 of 1st period - Mathieu Olivier is hit by Matt Nieto and loses puck.
12:04 of 1st period - Icing by Radko Gudas.
12:05 of 1st period - Mathieu Olivier wins face-off versus John Tavares in SEATTLE Kraken zone.
12:25 of 1st period - Kyle Connor is hit by Radko Gudas and loses puck.
12:34 of 1st period - Shot by Kyle Connor.
12:34 of 1st period - Deflect By John Tavares.
12:34 of 1st period - Shot Misses the Net.
13:17 of 1st period - Shot by Luke Kunin.
13:17 of 1st period - Shot Blocked by Jack Johnson.
13:30 of 1st period - Andrew Mangiapane is hit by Jordan Gross and loses puck.
13:43 of 1st period - Shot by Andrew Mangiapane.
13:43 of 1st period - Stopped by Sergei Bobrovsky with a rebound.
13:45 of 1st period - Shot by Evander Kane.
13:45 of 1st period - Stopped by Sergei Bobrovsky with a rebound.
14:17 of 1st period - Shot by Matt Nieto.
14:17 of 1st period - Stopped by Sergei Bobrovsky without a rebound.
14:18 of 1st period - Brett Howden wins face-off versus Matty Beniers in SEATTLE Kraken zone.
14:25 of 1st period - Shot by Cam Atkinson.
14:25 of 1st period - Stopped by Sergei Bobrovsky without a rebound.
14:26 of 1st period - Brett Howden wins face-off versus Matty Beniers in SEATTLE Kraken zone.
14:34 of 1st period - Minor Penalty to Arber Xhekaj for Slashing.
14:35 of 1st period - John Tavares wins face-off versus Brendan Lemieux in SEATTLE Kraken zone.
14:36 of 1st period - Shot by Joe Pavelski.
14:36 of 1st period - Shot Misses the Net.
15:04 of 1st period - Shot by John Klingberg.
15:04 of 1st period - Shot Misses the Net.
15:18 of 1st period - Shot by John Tavares.
15:18 of 1st period - Stopped by Sergei Bobrovsky without a rebound.
15:19 of 1st period - Sam Bennett wins face-off versus Jordan Greenway in SEATTLE Kraken zone.
15:26 of 1st period - Shot by Andrew Mangiapane.
15:26 of 1st period - Shot Blocked by Joel Hanley.
15:33 of 1st period - Icing by Cody Ceci.
15:34 of 1st period - Sam Bennett wins face-off versus Brendan Lemieux in SAN JOSE Sharks zone.
16:40 of 1st period - Icing by Mathieu Olivier.
16:41 of 1st period - John Tavares wins face-off versus Wayne Simmonds in SEATTLE Kraken zone.
18:38 of 1st period - Off-side.
18:39 of 1st period - Brett Howden wins face-off versus Mathieu Olivier in neutral zone.
18:54 of 1st period - Jakub Zboril is hit by Austin Watson and loses puck.
19:01 of 1st period - Shot by Wayne Simmonds.
19:01 of 1st period - Shot Misses the Net.
19:06 of 1st period - Icing by Jack Johnson.
19:07 of 1st period - Luke Kunin wins face-off versus Brett Howden in SAN JOSE Sharks zone.
19:14 of 1st period - Jack Johnson is hit by Brendan Lemieux and loses puck.
Goals for this period are 1 for SAN JOSE Sharks vs 0 for SEATTLE Kraken.
Shots for this period are 18 for SAN JOSE Sharks vs 1 for SEATTLE Kraken.

2nd period


0:01 of 2nd period - Joe Pavelski wins face-off versus Luke Kunin in neutral zone.
0:26 of 2nd period - Shot by Brendan Lemieux.
0:26 of 2nd period - Stopped by Semyon Varlamov without a rebound.
0:27 of 2nd period - Matty Beniers wins face-off versus Sam Bennett in SAN JOSE Sharks zone.
1:06 of 2nd period - Shot by Sam Bennett.
1:06 of 2nd period - Shot Misses the Net.
1:08 of 2nd period - Shot by Evander Kane.
1:08 of 2nd period - Shot Hit the Post.
1:10 of 2nd period - Shot by Jack Johnson.
1:10 of 2nd period - Shot Blocked by Radko Gudas.
1:17 of 2nd period - Icing by Matt Martin.
1:18 of 2nd period - Matty Beniers wins face-off versus John Tavares in SEATTLE Kraken zone.
1:18 of 2nd period - Matty Beniers is hit by John Tavares.
1:25 of 2nd period - Matty Beniers is hit by Cody Ceci.
1:34 of 2nd period - John Tavares is hit by Arber Xhekaj and loses puck.
1:38 of 2nd period - Icing by Arber Xhekaj.
1:39 of 2nd period - Matt Nieto wins face-off versus Luke Kunin in SEATTLE Kraken zone.
1:39 of 2nd period - Nick Cousins is hit by Jakub Zboril and loses puck.
1:40 of 2nd period - Minor Penalty to Arber Xhekaj for Roughing.
1:41 of 2nd period - Brendan Lemieux wins face-off versus John Tavares in SEATTLE Kraken zone.
1:50 of 2nd period - Brendan Lemieux is hit by John Tavares.
2:06 of 2nd period - Shot by John Klingberg.
2:06 of 2nd period - Shot Blocked by Jakub Zboril.
2:08 of 2nd period - Shot by Joe Pavelski.
2:08 of 2nd period - Shot Blocked by Joel Hanley.
2:10 of 2nd period - Shot by Brayden McNabb.
2:10 of 2nd period - Stopped by Sergei Bobrovsky without a rebound.
2:11 of 2nd period - Brendan Lemieux wins face-off versus Sam Bennett in SEATTLE Kraken zone.
2:11 of 2nd period - Brendan Lemieux is hit by Evander Kane.
2:33 of 2nd period - Shot by Evander Kane.
2:33 of 2nd period - Stopped by Sergei Bobrovsky without a rebound.
2:34 of 2nd period - John Tavares wins face-off versus Jordan Greenway in SEATTLE Kraken zone.
2:35 of 2nd period - Shot by John Klingberg.
2:35 of 2nd period - Shot Misses the Net.
2:37 of 2nd period - Shot by John Tavares.
2:37 of 2nd period - Goal by John Tavares - SAN JOSE Sharks : 2 - SEATTLE Kraken : 0.
2:38 of 2nd period - John Tavares wins face-off versus Matty Beniers in neutral zone.
2:42 of 2nd period - Cody Ceci is hit by Arber Xhekaj and loses puck.
2:49 of 2nd period - Shot by Brayden McNabb.
2:49 of 2nd period - Stopped by Sergei Bobrovsky without a rebound.
2:50 of 2nd period - Sam Bennett wins face-off versus Mathieu Olivier in SEATTLE Kraken zone.
3:17 of 2nd period - Icing by John Klingberg.
3:18 of 2nd period - Sam Bennett wins face-off versus Brendan Lemieux in SAN JOSE Sharks zone.
4:09 of 2nd period - Shot by Joe Pavelski.
4:09 of 2nd period - Deflect By John Tavares.
4:09 of 2nd period - Stopped by Sergei Bobrovsky without a rebound.
4:10 of 2nd period - Nick Cousins wins face-off versus Matty Beniers in SEATTLE Kraken zone.
4:13 of 2nd period - Shot by Matias Maccelli.
4:13 of 2nd period - Shot Misses the Net.
4:15 of 2nd period - Shot by Troy Stecher.
4:15 of 2nd period - Shot Misses the Net.
4:31 of 2nd period - Shot by Matt Nieto.
4:31 of 2nd period - Shot Misses the Net.
4:33 of 2nd period - Shot by Matias Maccelli.
4:33 of 2nd period - Stopped by Sergei Bobrovsky without a rebound.
4:34 of 2nd period - John Tavares wins face-off versus Mathieu Olivier in SEATTLE Kraken zone.
4:35 of 2nd period - Shot by Kyle Connor.
4:35 of 2nd period - Deflect By Joe Pavelski.
4:35 of 2nd period - Shot Misses the Net.
4:41 of 2nd period - Minor Penalty to Mathieu Olivier for Interference.
4:42 of 2nd period - John Tavares wins face-off versus Brendan Lemieux in SEATTLE Kraken zone.
4:56 of 2nd period - Icing by Brayden McNabb.
4:57 of 2nd period - John Tavares wins face-off versus Brendan Lemieux in SAN JOSE Sharks zone.
5:16 of 2nd period - Brendan Lemieux is hit by Brayden McNabb and loses puck.
6:06 of 2nd period - Icing by Cody Ceci.
6:07 of 2nd period - Sam Bennett wins face-off versus Jordan Greenway in SAN JOSE Sharks zone.
6:47 of 2nd period - Minor Penalty to Wayne Simmonds for Delaying the game.
6:48 of 2nd period - John Tavares wins face-off versus Brendan Lemieux in SEATTLE Kraken zone.
7:04 of 2nd period - Icing by Brayden McNabb.
7:05 of 2nd period - John Tavares wins face-off versus Brendan Lemieux in SAN JOSE Sharks zone.
7:14 of 2nd period - Shot by Kyle Connor.
7:14 of 2nd period - Stopped by Sergei Bobrovsky without a rebound.
7:15 of 2nd period - Brendan Lemieux wins face-off versus Sam Bennett in SEATTLE Kraken zone.
7:42 of 2nd period - Shot by Sam Bennett.
7:42 of 2nd period - Shot Blocked by Radko Gudas.
7:48 of 2nd period - Shot by Jack Johnson.
7:48 of 2nd period - Shot Blocked by Radko Gudas.
7:50 of 2nd period - Shot by Cody Ceci.
7:50 of 2nd period - Shot Misses the Net.
7:52 of 2nd period - Shot by Andrew Mangiapane.
7:52 of 2nd period - Shot Misses the Net.
7:54 of 2nd period - Shot by Cody Ceci.
7:54 of 2nd period - Goal by Cody Ceci - SAN JOSE Sharks : 3 - SEATTLE Kraken : 0.
7:55 of 2nd period - John Tavares wins face-off versus Matty Beniers in neutral zone.
8:15 of 2nd period - Matty Beniers is hit by Oliver Kylington and loses puck.
8:23 of 2nd period - Shot by Matty Beniers.
8:23 of 2nd period - Stopped by Semyon Varlamov without a rebound.
8:24 of 2nd period - Mathieu Olivier wins face-off versus Nick Cousins in SAN JOSE Sharks zone.
8:24 of 2nd period - Jordan Gross is hit by Brayden McNabb and loses puck.
8:41 of 2nd period - Shot by Matt Nieto.
8:41 of 2nd period - Stopped by Sergei Bobrovsky without a rebound.
8:42 of 2nd period - Sam Bennett wins face-off versus Matty Beniers in SEATTLE Kraken zone.
9:15 of 2nd period - Shot by Andrew Mangiapane.
9:15 of 2nd period - Shot Blocked by Radko Gudas.
9:50 of 2nd period - John Tavares is hit by Luke Kunin and loses puck.
10:03 of 2nd period - Minor Penalty to Brayden McNabb for Slashing.
10:04 of 2nd period - John Tavares wins face-off versus Matty Beniers in SAN JOSE Sharks zone.
10:17 of 2nd period - Shot by Kyle Connor.
10:17 of 2nd period - Shot Misses the Net.
10:23 of 2nd period - Shot by Radko Gudas.
10:23 of 2nd period - Shot Misses the Net.
10:25 of 2nd period - Shot by Radko Gudas.
10:25 of 2nd period - Stopped by Semyon Varlamov without a rebound.
10:26 of 2nd period - Luke Kunin wins face-off versus John Tavares in SAN JOSE Sharks zone.
10:55 of 2nd period - Shot by Jakub Zboril.
10:55 of 2nd period - Shot Misses the Net.
10:57 of 2nd period - Shot by Luke Kunin.
10:57 of 2nd period - Stopped by Semyon Varlamov without a rebound.
10:58 of 2nd period - Matty Beniers wins face-off versus Sam Bennett in SAN JOSE Sharks zone.
11:03 of 2nd period - Shot by Matt Martin.
11:03 of 2nd period - Stopped by Semyon Varlamov without a rebound.
11:04 of 2nd period - Matty Beniers wins face-off versus John Tavares in SAN JOSE Sharks zone.
11:04 of 2nd period - Matty Beniers is hit by Cody Ceci.
11:34 of 2nd period - Shot by Radko Gudas.
11:34 of 2nd period - Shot Misses the Net.
11:55 of 2nd period - Cody Ceci is hit by Matt Martin and loses puck.
12:11 of 2nd period - Minor Penalty to Jakub Zboril for Interference.
12:12 of 2nd period - Sam Bennett wins face-off versus Brendan Lemieux in SEATTLE Kraken zone.
12:19 of 2nd period - Shot by Brayden McNabb.
12:19 of 2nd period - Stopped by Sergei Bobrovsky with a rebound.
12:21 of 2nd period - Shot by John Klingberg.
12:21 of 2nd period - Shot Misses the Net.
12:29 of 2nd period - Shot by Brayden McNabb.
12:29 of 2nd period - Stopped by Sergei Bobrovsky without a rebound.
12:30 of 2nd period - Brendan Lemieux wins face-off versus John Tavares in SEATTLE Kraken zone.
13:17 of 2nd period - Jake Gardiner is hit by Evander Kane and loses puck.
13:28 of 2nd period - Shot by Jack Johnson.
13:28 of 2nd period - Shot Misses the Net.
13:30 of 2nd period - Shot by Cody Ceci.
13:30 of 2nd period - Shot Blocked by Jordan Gross.
13:32 of 2nd period - Shot by Cody Ceci.
13:32 of 2nd period - Shot Blocked by Jordan Gross.
13:34 of 2nd period - Shot by Evander Kane.
13:34 of 2nd period - Stopped by Sergei Bobrovsky with a rebound.
13:36 of 2nd period - Shot by Sam Bennett.
13:36 of 2nd period - Stopped by Sergei Bobrovsky without a rebound.
13:37 of 2nd period - Brendan Lemieux wins face-off versus Sam Bennett in SEATTLE Kraken zone.
13:37 of 2nd period - Luke Kunin is hit by Sam Bennett and loses puck.
14:06 of 2nd period - Shot by Sam Bennett.
14:06 of 2nd period - Shot Misses the Net.
14:24 of 2nd period - Shot by Matt Nieto.
14:24 of 2nd period - Shot Misses the Net.
14:42 of 2nd period - Shot by Matt Nieto.
14:42 of 2nd period - Deflect By Nick Cousins.
14:42 of 2nd period - Stopped by Sergei Bobrovsky without a rebound.
14:43 of 2nd period - John Tavares wins face-off versus Brendan Lemieux in SEATTLE Kraken zone.
15:50 of 2nd period - Shot by Cam Atkinson.
15:50 of 2nd period - Stopped by Sergei Bobrovsky without a rebound.
15:51 of 2nd period - Mathieu Olivier wins face-off versus Sam Bennett in SEATTLE Kraken zone.
16:20 of 2nd period - Sam Bennett is hit by Joel Hanley and loses puck.
16:54 of 2nd period - Off-side.
16:55 of 2nd period - Matty Beniers wins face-off versus Nick Cousins in neutral zone.
17:07 of 2nd period - Matt Nieto is hit by Arber Xhekaj and loses puck.
17:16 of 2nd period - Shot by Nick Cousins.
17:16 of 2nd period - Stopped by Sergei Bobrovsky with a rebound.
17:35 of 2nd period - Matias Maccelli is hit by Jakub Zboril and loses puck.
17:43 of 2nd period - Icing by Jakub Zboril.
17:44 of 2nd period - John Tavares wins face-off versus Matty Beniers in SEATTLE Kraken zone.
17:45 of 2nd period - Shot by Joe Pavelski.
17:45 of 2nd period - Shot Misses the Net.
17:47 of 2nd period - Shot by Joe Pavelski.
17:47 of 2nd period - Stopped by Sergei Bobrovsky with a rebound.
17:49 of 2nd period - Shot by Jack Johnson.
17:49 of 2nd period - Shot Misses the Net.
17:53 of 2nd period - Shot by Joe Pavelski.
17:53 of 2nd period - Stopped by Sergei Bobrovsky without a rebound.
17:54 of 2nd period - John Tavares wins face-off versus Luke Kunin in SEATTLE Kraken zone.
18:57 of 2nd period - John Tavares is hit by Wayne Simmonds and loses puck.
19:13 of 2nd period - Minor Penalty to Joel Hanley for Hooking.
19:14 of 2nd period - Sam Bennett wins face-off versus Brendan Lemieux in SEATTLE Kraken zone.
19:51 of 2nd period - Shot by Evander Kane.
19:51 of 2nd period - Shot Misses the Net.
19:53 of 2nd period - Shot by Brayden McNabb.
19:53 of 2nd period - Shot Blocked by Radko Gudas.
19:55 of 2nd period - Shot by Brayden McNabb.
19:55 of 2nd period - Shot Misses the Net.
Goals for this period are 2 for SAN JOSE Sharks vs 0 for SEATTLE Kraken.
Shots for this period are 18 for SAN JOSE Sharks vs 5 for SEATTLE Kraken.

3rd period


0:01 of 3rd period - John Tavares wins face-off versus Brendan Lemieux in neutral zone.
0:09 of 3rd period - Kyle Connor is hit by Radko Gudas and loses puck.
0:22 of 3rd period - Shot by John Tavares.
0:22 of 3rd period - Stopped by Sergei Bobrovsky without a rebound.
0:23 of 3rd period - Sam Bennett wins face-off versus Brendan Lemieux in SEATTLE Kraken zone.
0:46 of 3rd period - Shot by Jakub Zboril.
0:46 of 3rd period - Stopped by Semyon Varlamov without a rebound.
0:47 of 3rd period - John Tavares wins face-off versus Jordan Greenway in SAN JOSE Sharks zone.
1:14 of 3rd period - Shot by John Klingberg.
1:14 of 3rd period - Goal by John Klingberg - SAN JOSE Sharks : 4 - SEATTLE Kraken : 0.
1:15 of 3rd period - Sam Bennett wins face-off versus Matty Beniers in neutral zone.
1:32 of 3rd period - Shot by Andrew Mangiapane.
1:32 of 3rd period - Stopped by Sergei Bobrovsky without a rebound.
1:33 of 3rd period - John Tavares wins face-off versus Mathieu Olivier in SEATTLE Kraken zone.
1:38 of 3rd period - Shot by John Tavares.
1:38 of 3rd period - Shot Misses the Net.
1:59 of 3rd period - Shot by Mathieu Olivier.
1:59 of 3rd period - Stopped by Semyon Varlamov without a rebound.
2:00 of 3rd period - Sam Bennett wins face-off versus Luke Kunin in SAN JOSE Sharks zone.
2:36 of 3rd period - Shot by Andrew Mangiapane.
2:36 of 3rd period - Stopped by Sergei Bobrovsky without a rebound.
2:37 of 3rd period - Joe Pavelski wins face-off versus Matty Beniers in SEATTLE Kraken zone.
3:03 of 3rd period - Liam O'Brien is hit by Brayden McNabb and loses puck.
3:05 of 3rd period - Minor Penalty to Liam O'Brien for Goalie Interference.
3:06 of 3rd period - Sam Bennett wins face-off versus Brendan Lemieux in SEATTLE Kraken zone.
3:24 of 3rd period - Icing by Brayden McNabb.
3:25 of 3rd period - Sam Bennett wins face-off versus Brendan Lemieux in SAN JOSE Sharks zone.
3:31 of 3rd period - Icing by Brayden McNabb.
3:32 of 3rd period - Brendan Lemieux wins face-off versus Sam Bennett in SAN JOSE Sharks zone.
4:03 of 3rd period - Shot by Sam Bennett.
4:03 of 3rd period - Shot Misses the Net.
4:40 of 3rd period - Shot by Joe Pavelski.
4:40 of 3rd period - Stopped by Sergei Bobrovsky without a rebound.
4:41 of 3rd period - John Tavares wins face-off versus Luke Kunin in SEATTLE Kraken zone.
4:44 of 3rd period - Shot by Joe Pavelski.
4:44 of 3rd period - Stopped by Sergei Bobrovsky without a rebound.
4:45 of 3rd period - Sam Bennett wins face-off versus Jordan Greenway in SEATTLE Kraken zone.
6:19 of 3rd period - Icing by Luke Kunin.
6:20 of 3rd period - John Tavares wins face-off versus Luke Kunin in SEATTLE Kraken zone.
6:21 of 3rd period - Shot by Joe Pavelski.
6:21 of 3rd period - Stopped by Sergei Bobrovsky without a rebound.
6:22 of 3rd period - John Tavares wins face-off versus Matty Beniers in SEATTLE Kraken zone.
6:22 of 3rd period - John Tavares is hit by Radko Gudas.
6:38 of 3rd period - Shot by Kyle Connor.
6:38 of 3rd period - Shot Blocked by Matty Beniers.
7:35 of 3rd period - Shot by Arber Xhekaj.
7:35 of 3rd period - Goal by Arber Xhekaj - SAN JOSE Sharks : 4 - SEATTLE Kraken : 1.
7:36 of 3rd period - Evander Kane wins face-off versus Wayne Simmonds in neutral zone.
7:40 of 3rd period - Andrew Mangiapane is hit by Joel Hanley and loses puck.
7:47 of 3rd period - Shot by Givani Smith.
7:47 of 3rd period - Shot Misses the Net.
7:58 of 3rd period - Givani Smith is hit by Jack Johnson and loses puck.
8:47 of 3rd period - Shot by Jordan Greenway.
8:47 of 3rd period - Stopped by Semyon Varlamov with a rebound.
8:59 of 3rd period - Shot by Brendan Lemieux.
8:59 of 3rd period - Shot Misses the Net.
9:01 of 3rd period - Shot by Jordan Greenway.
9:01 of 3rd period - Goal by Jordan Greenway - SAN JOSE Sharks : 4 - SEATTLE Kraken : 2.
9:02 of 3rd period - Matty Beniers wins face-off versus Brett Howden in neutral zone.
9:30 of 3rd period - Shot by Arber Xhekaj.
9:30 of 3rd period - Stopped by Semyon Varlamov without a rebound.
9:31 of 3rd period - John Tavares wins face-off versus Luke Kunin in SAN JOSE Sharks zone.
9:35 of 3rd period - Joe Pavelski is hit by Radko Gudas.
10:04 of 3rd period - Shot by Jordan Greenway.
10:04 of 3rd period - Goal by Jordan Greenway - SAN JOSE Sharks : 4 - SEATTLE Kraken : 3.
10:05 of 3rd period - Sam Bennett wins face-off versus Matty Beniers in neutral zone.
11:42 of 3rd period - Off-side.
11:43 of 3rd period - Mathieu Olivier wins face-off versus Nick Cousins in neutral zone.
11:48 of 3rd period - Shot by Wayne Simmonds.
11:48 of 3rd period - Shot Misses the Net.
11:58 of 3rd period - Shot by Nick Cousins.
11:58 of 3rd period - Shot Misses the Net.
12:20 of 3rd period - Shot by Matias Maccelli.
12:20 of 3rd period - Deflect By Matt Nieto.
12:20 of 3rd period - Stopped by Sergei Bobrovsky without a rebound.
12:21 of 3rd period - Matty Beniers wins face-off versus John Tavares in SEATTLE Kraken zone.
12:21 of 3rd period - Matty Beniers is hit by Joe Pavelski.
13:01 of 3rd period - Matt Martin is hit by John Tavares and loses puck.
13:21 of 3rd period - Joel Hanley is hit by Andrew Mangiapane.
13:27 of 3rd period - Shot by Oliver Kylington.
13:27 of 3rd period - Shot Blocked by Joel Hanley.
13:35 of 3rd period - Shot by Sam Bennett.
13:35 of 3rd period - Shot Misses the Net.
13:37 of 3rd period - Shot by Sam Bennett.
13:37 of 3rd period - Deflect By Andrew Mangiapane.
13:37 of 3rd period - Shot Misses the Net.
13:45 of 3rd period - Shot by Evander Kane.
13:45 of 3rd period - Stopped by Sergei Bobrovsky without a rebound.
13:46 of 3rd period - Nick Cousins wins face-off versus Mathieu Olivier in SEATTLE Kraken zone.
15:07 of 3rd period - Shot by Kyle Connor.
15:07 of 3rd period - Shot Misses the Net.
15:29 of 3rd period - Shot by Jordan Greenway.
15:29 of 3rd period - Shot Misses the Net.
15:49 of 3rd period - Andrew Mangiapane is hit by Joel Hanley and loses puck.
15:54 of 3rd period - Shot by Sam Bennett.
15:54 of 3rd period - Deflect By Andrew Mangiapane.
15:54 of 3rd period - Shot Blocked by Jordan Gross.
15:58 of 3rd period - Shot by Evander Kane.
15:58 of 3rd period - Stopped by Sergei Bobrovsky without a rebound.
15:59 of 3rd period - Matty Beniers wins face-off versus Brett Howden in SEATTLE Kraken zone.
16:24 of 3rd period - Shot by Matty Beniers.
16:24 of 3rd period - Stopped by Semyon Varlamov without a rebound.
16:25 of 3rd period - John Tavares wins face-off versus Zack MacEwen in SAN JOSE Sharks zone.
16:34 of 3rd period - Shot by Joe Pavelski.
16:34 of 3rd period - Shot Misses the Net.
17:24 of 3rd period - Radko Gudas is hit by Jack Johnson and loses puck.
17:33 of 3rd period - Shot by Andrew Mangiapane.
17:33 of 3rd period - Shot Blocked by Zack MacEwen.
17:52 of 3rd period - Minor Penalty to Andrew Mangiapane for Cross-checking.
17:53 of 3rd period - Matty Beniers wins face-off versus John Tavares in SAN JOSE Sharks zone.
17:54 of 3rd period - Shot by Jakub Zboril.
17:54 of 3rd period - Shot Misses the Net.
17:56 of 3rd period - Shot by Wayne Simmonds.
17:56 of 3rd period - Stopped by Semyon Varlamov with a rebound.
18:10 of 3rd period - Shot by Matt Martin.
18:10 of 3rd period - Stopped by Semyon Varlamov without a rebound.
18:11 of 3rd period - John Tavares wins face-off versus Matty Beniers in SAN JOSE Sharks zone.
18:11 of 3rd period - Kyle Connor is hit by Wayne Simmonds and loses puck.
18:28 of 3rd period - Shot by Matty Beniers.
18:28 of 3rd period - Shot Blocked by Jack Johnson.
18:44 of 3rd period - Shot by Matt Martin.
18:44 of 3rd period - Deflect By Matty Beniers.
18:44 of 3rd period - Shot Misses the Net.
19:12 of 3rd period - SEATTLE Kraken, Sergei Bobrovsky is pulled from the net.
19:12 of 3rd period - Shot by Liam O'Brien.
19:12 of 3rd period - Shot Misses the Net.
19:33 of 3rd period - Jack Johnson is hit by Jordan Greenway and loses puck.
19:52 of 3rd period - Shot by Matty Beniers.
19:52 of 3rd period - Shot Misses the Net.
Goals for this period are 1 for SAN JOSE Sharks vs 3 for SEATTLE Kraken.
Shots for this period are 10 for SAN JOSE Sharks vs 10 for SEATTLE Kraken. Output by the SimonT Hockey Simulator (STHS) for Martin Benoit - Original Page W3C HTML5 Valid
Hockey Simulator - Hockey Simulation - Hockey Manager